 Dungeon Crawl Stone Soup version 0.18.1-6-gd335043 (webtiles) character file.

259 HungrySpirit the Changer (level 6, -5/38 HPs)
             Began as an Octopode Transmuter on May 18, 2016.
             Killed from afar by Blork the orc (11 damage)
             ... with a puff of frost
             ... on level 4 of the Dungeon.
             The game lasted 00:04:13 (3063 turns).

HungrySpirit the Changer (Octopode Transmuter)      Turns: 3063, Time: 00:04:14

Health: -5/38      AC:  1    Str:  9    XL:     6   Next: 17%
Magic:  5/9        EV: 13    Int: 16    God:
Gold:   102        SH:  0    Dex: 14    Spells: 3 memorised, 3 levels left

rFire  . . .     SeeInvis .     n - +2 short sword (venom)
rCold  . . .     Gourm    .     (no shield)
rNeg   . . .     Faith    .     (helmet restricted)
rPois  .         Spirit   .     (no amulet)
rElec  .         Dismiss  .     j - ring of stealth
rCorr  .         Reflect  .     (no ring)
SustAt .         Harm     .     (no ring)
MR     .....                    (no ring)
Stlth  +++.......               (no ring)
                                (no ring)
                                (no ring)
                                (no ring)

@: drained, not resistant to hostile enchantments, fairly stealthy
A: almost no armour, amphibious, 8 rings, constrict 8, camouflage 1, gelatinous
body 1
a: no special abilities


You were on level 4 of the Dungeon.
You were not hungry.

You visited 1 branch of the dungeon, and saw 4 of its levels.

You collected 102 gold pieces.

Inventory:

Hand Weapons
 n - a +2 short sword of venom (weapon)
Missiles
 a - 8 arrows
Armour
 m - a +0 shield
Jewellery
 j - a ring of stealth (left tentacle)
 s - an uncursed amulet of harm {unknown}
Wands
 p - a wand of flame (19/48)
 y - a wand of random effects (24/48)
Scrolls
 d - a scroll of amnesia {unknown}
 e - a scroll of enchant armour {unknown}
 f - a scroll of teleportation {unknown}
 g - a scroll of remove curse {unknown}
 h - 3 scrolls of identify {unknown}
 i - a scroll of blinking {unknown}
 l - 2 scrolls of fear {unknown}
 q - a scroll of random uselessness {unknown}
 v - a scroll of fog {unknown}
 x - a scroll of recharging {unknown}
Potions
 k - a potion of heal wounds {unknown}
 r - 2 potions of curing {unknown}
 w - a potion of flight {unknown}
Books
 b - a book of Changes

   Spells                             Type                      Level
   a - Beastly Appendage              Transmutation                1
   b - Sticks to Snakes               Transmutation                2
   c - Spider Form                    Transmutation/Poison         3
   d - Ice Form                       Ice/Transmutation            4
   e - Blade Hands                    Transmutation                5
 o - a book of Conjurations

   Spells                             Type                      Level
   a - Magic Dart                     Conjuration                  1
   b - Searing Ray                    Conjuration                  2
   c - Dazzling Spray                 Conjuration/Hexes            3
   d - Fulminant Prism                Conjuration/Hexes            4
   e - Iskenderun's Mystic Blast      Conjuration                  4
   f - Iskenderun's Battlesphere      Conjuration/Charms           5
Comestibles
 c - 6 bread rations
 t - 2 chunks of flesh
 u - 3 fruits


   Skills:
 - Level 1.4(1.3) Fighting
 + Level 2.0 Short Blades
 - Level 2.6 Dodging
 + Level 3.9 Unarmed Combat
 - Level 2.0(1.9) Spellcasting
 * Level 4.6 Transmutations


You had 3 spell levels left.
You knew the following spells:

 Your Spells              Type           Power        Failure   Level  Hunger
a - Beastly Appendage     Trmt           ###...       3%          1    #......
b - Sticks to Snakes      Trmt           ###.....     6%          2    ###....
c - Spider Form           Trmt/Pois      #.........   28%         3    ###....


Dungeon Overview and Level Annotations

Branches:
Dungeon (4/15)
 Temple: D:4-7

Altars:
Ashenzari
Gozag
Xom
Zin

Shops:
D:4 }

Annotations:
D:4 Blork the orc; M4edhros's ghost, amateur FoFi


Innate Abilities, Weirdness & Mutations

You cannot wear most types of armour.
You are amphibious.
You can wear up to eight rings at the same time.
You can use your tentacles to constrict eight enemies at once.
Your skin changes colour to match your surroundings (Stealth).
Your rubbery body absorbs attacks (AC +1).


Message History

Your ball python grabs Blork the orc.
Your ball python constricts Blork the orc.
Blork the orc struggles to escape constriction.
Your ball python bites Blork the orc but does no damage. x2
Your ball python constricts Blork the orc.
M4edhros's ghost whispers, "The ORB doesn't exist."
Blork the orc struggles to escape constriction.
Found a cloak.
Your ball python withers and dies!
Your ball python bites Blork the orc.
Your ball python constricts Blork the orc.
Blork the orc escapes!
Your ball python barely misses Blork the orc. x2
Blork the orc casts a spell.
Blork the orc seems to speed up.
Your ball python bites Blork the orc.
Your ball python barely misses Blork the orc.
There is a stone staircase leading down here.
Blork the orc gestures at you while chanting.
The puff of frost hits you!
You die...

#.# ####.#### #.#
#.......# .#.# #.#
#.##.##.##...# #.#
#.##....##...# #.#
#.##....##...# #.#
#.##....##...#
#.######............#
#........(..........#
########@..o........# #
#######W###...##...# .#
#...[...###...##...###.#
.............oS.>...#...
#.##########.###.#......
#.# #..#.#... #.#
#..S....# #.# #########
#.#


You could see Blork the orc and M4edhros's ghost.

Vanquished Creatures
  A scorpion (D:4)
  The ghost of tyrsky the Magician, a weakling HEFE of Vehumet (D:3)
  2 crimson imps (D:3)
  5 adders
  2 worms (D:3)
  2 giant geckos (D:3)
  5 orcs (D:3)
  2 ball pythons
  6 giant cockroaches
  6 goblins
  A hobgoblin (D:2)
  6 kobolds
  A quokka (D:3)
  8 bats
  3 giant newts
  8 rats
59 creatures vanquished.

Notes
Turn   | Place    | Note
--------------------------------------------------------------
     0 | D:1      | HungrySpirit the Octopode Transmuter began the quest for the Orb.
     0 | D:1      | Reached XP level 1. HP: 13/13 MP: 3/3
   291 | D:1      | Reached XP level 2. HP: 18/18 MP: 5/5
   668 | D:2      | Found a glowing silver altar of Zin.
   669 | D:2      | Found an opulent altar of Gozag.
   749 | D:2      | Found a shattered altar of Ashenzari.
  1031 | D:2      | Reached XP level 3. HP: 6/23 MP: 6/6
  1616 | D:3      | Noticed tyrsky's ghost (weakling HEFE)
  1636 | D:3      | Reached skill level 3 in Transmutations
  1636 | D:3      | Reached XP level 4. HP: 20/28 MP: 7/7
  1646 | D:3      | Killed tyrsky's ghost
  1646 | D:3      | Reached skill level 1 in Short Blades
  1782 | D:3      | Learned a level 2 spell: Sticks to Snakes
  1786 | D:3      | Learned a level 3 spell: Spider Form
  2054 | D:3      | Found a shimmering altar of Xom.
  2062 | D:3      | Reached XP level 5. HP: 22/33 MP: 8/8
  2084 | D:3      | Reached skill level 4 in Transmutations
  2714 | D:4      | Reached XP level 6. HP: 27/38 MP: 9/9
  2899 | D:4      | Found Wiupp's Gadget Boutique.
  3008 | D:4      | Noticed M4edhros's ghost (amateur FoFi)
  3042 | D:4      | Noticed Blork the orc
  3063 | D:4      | Killed from afar by Blork the orc

Skill      XL: |  1  2  3  4  5 |
---------------+----------------+-----
Transmutations | 3 4 |  4.6
Short Blades   | 1 2 |  2.0
Fighting       | |  1.4
Dodging        | |  2.6
Unarmed Combat | |  3.9
Spellcasting   | |  2.0

Action                   |  1- 3 |  4- 6 || total
-------------------------+-------+-------++-------
Melee: Unarmed           |    46 |       ||    46
       Constrict         |    12 |    13 ||    25
       Tentacles         |    10 |    16 ||    26
       Short sword       |     8 |    66 ||    74
       Kick              |     2 |     4 ||     6
       Punch             |     1 |     1 ||     2
 Cast: Beastly Appendage |     1 |     1 ||     2
       Sticks to Snakes  |       |     4 ||     4
 Stab: Sleeping          |    15 |     9 ||    24
       Distracted        |     1 |       ||     1
  Eat: Chunk             |     2 |     5 ||     7
Armor: Skin              |     8 |     3 ||    11
Dodge: Dodged            |    32 |    34 ||    66
